 Dungeon Crawl Stone Soup version 0.17-a0-2127-g1cb09f6 (webtiles) character file.

63758 septik the Bludgeoner (level 14, 0/133 HPs)
             Began as a Minotaur Berserker on Oct 23, 2015.
             Was the Champion of Trog.
             Slain by an orc knight
             ... wielding a +0 glaive
              (6 damage)
             ... on level 4 of the Orcish Mines.
             The game lasted 01:58:22 (23338 turns).

septik the Bludgeoner (Minotaur Berserker)         Turns: 23338, Time: 01:58:22

Health: 0/133      AC: 25    Str: 25      XL:     14   Next: 69%
Magic:  13/13      EV: 13    Int:  0 (4)  God:    Trog [******]
Gold:   2466       SH:  5    Dex: 12      Spells: 0 memorised, 13 levels left

rFire  + + +     SeeInvis .     R - +2 whip (vamp)
rCold  + + .     Clarity  .     i - -1 plate armour (curse)
rNeg   + . .     SustAt   .     O - +0 buckler
rPois  .         Gourm    .     v - +2 hat
rElec  .         Spirit   .     u - +2 cloak
rCorr  .         Warding  +     C - +1 pair of gloves
rMut   .         Stasis   .     b - +0 pair of boots "Itwehoow" {rF+++ rC++ Str-3} (curse)
MR     +++..                    U - amulet of warding
Stlth  ..........               (no ring)
                                G - +3 ring of strength

@: exhausted, very slightly contaminated, regenerating, hasted and slowed, lost
intelligence, extremely resistant to hostile enchantments, extremely unstealthy
A: retaliatory headbutt, horns 2, regeneration 1
a: Berserk, Trog's Hand, Brothers in Arms, Burn Spellbooks, Renounce Religion


You were on level 4 of the Orcish Mines.
You worshipped Trog.
Trog was exalted by your worship.
You were very hungry.

You visited 3 branches of the dungeon, and saw 21 of its levels.
You also visited: Sewer and Ossuary.

You collected 2656 gold pieces.
You spent 190 gold pieces at shops.

Inventory:

Hand Weapons
 w - a +4 hand crossbow of freezing
 J - a +0 flail of crushing
 N - a +3 dire flail of holy wrath
 P - a +6 dire flail of protection
 R - a +2 vampiric whip (weapon)
 V - a +2 great mace of venom
Missiles
 a - 26 bolts of frost
 f - 32 bolts of flame
 p - 16 silver bolts
 H - 32 bolts
 Z - 10 bolts of penetration
Armour
 b - the cursed +0 pair of boots "Itwehoow" (worn) {rF+++ rC++ Str-3}
   (You bought it in a shop on level 2 of the Orcish Mines)

   It affects your strength (-3).
   It renders you almost immune to fire.
   It greatly protects you from cold.
   It has a curse placed upon it.
 i - a cursed -1 plate armour (worn)
 o - a +2 plate armour of fire resistance
 u - a +2 cloak (worn)
 v - a +2 hat (worn)
 C - a +1 pair of gloves (worn)
 I - a +0 ice dragon armour
 O - a +0 buckler (worn)
Jewellery
 j - an uncursed amulet of stasis
 r - an uncursed amulet of resist corrosion
 A - an uncursed ring of fire
 G - a +3 ring of strength (left hand)
 U - an amulet of warding (around neck)
Wands
 Q - a wand of teleportation (5)
Scrolls
 g - 4 scrolls of blinking
 l - 4 scrolls of fear
 q - 2 scrolls of fog
 t - 2 scrolls of teleportation
 y - 13 scrolls of remove curse
 z - a scroll of identify
 B - 2 scrolls of magic mapping
 E - 2 scrolls of enchant weapon
 F - 2 scrolls of enchant armour
 L - 2 scrolls of immolation
 T - 4 scrolls of recharging
Potions
 e - 3 potions of invisibility
 m - 7 potions of curing
 n - 5 potions of flight
 x - 5 potions of might
 D - 2 potions of agility
 K - 2 potions of haste
Miscellaneous
 M - an ornate deck of defence {the Helm, drawn: 2}
 W - a box of beasts
Comestibles
 c - 12 bread rations
 d - 18 royal jellies
 h - 9 beef jerkies
 k - 5 meat rations
 s - 22 chunks of flesh
 S - 25 fruits
 X - 4 slices of pizza


   Skills:
 + Level 14.7 Fighting
 - Level 16.1 Maces & Flails
 - Level 4.6 Crossbows
 + Level 14.4 Armour
 + Level 13.5 Dodging
 - Level 5.3 Shields


You had 13 spell levels left.
You didn't know any spells.

Dungeon Overview and Level Annotations

Branches:
Dungeon (9/15)             Temple (0/1) D:4            Lair (8/8) D:8
  Swamp (0/4) Lair:5        Snake (0/4) Lair:6        Slime (0/6) Lair:8
    Orc (4/4) D:9             Elf (0/3) Orc:3

Altars:
Ashenzari
Dithmenos
Makhleb
Okawaru
Qazlal
Trog
The Shining One
Beogh
Jiyva

Shops:
D:8 *   Orc:2 [   Orc:3 }


Innate Abilities, Weirdness & Mutations

You reflexively headbutt those who attack you in melee.
You have a pair of horns on your head.
Your natural rate of healing is unusually fast.


Message History

The orc warrior is heavily wounded.
You hit the orc warrior.
You feel better.
You headbutt the orc warrior, but do no damage.
The orc warrior is severely wounded.
The orc knight roars a battlecry!
The orc goes into a battle-frenzy!
The orc knight hits you from afar with a glaive!!
* * * LOW HITPOINT WARNING * * *
Use which ability?
Your skin crawls.
You feel resistant to hostile enchantments.
You feel slightly more hungry.
The orc warrior hits you with a scimitar.
* * * LOW HITPOINT WARNING * * *
The orc warrior hits you but does no damage.
Use which ability?
Your troll goes berserk!
You feel somewhat more hungry.
The orc knight hits you from afar with a glaive.
You die...

#.....................
###..#...##...........
#.......#......#....
#...................
##..##..............
##.#...........#...
##.......#......#$..
###.(.....#...(.......
##....@oo.#....(.......
#....##oT#....(...#...#
...(....o())))(...###.##
........o)()()...(.#
.###...##.)##).##...#
#≈≈.....)....##..#
#≈≈≈..........#..#
##≈≈≈≈...........#
###≈≈≈≈......#..#


You could see an orc knight, 3 orc warriors, an orc (frenzied) and a friendly
troll (berserk).

Vanquished Creatures
  Maud (Lair:4)
  A fire dragon (Lair:8)
  A naga warrior (Lair:6)
  An ice dragon (Lair:8)
  3 hydras
  A catoblepas (Lair:6)
  4 death yaks (Lair:8)
  2 orc knights
  Pikel (D:5)
  2 lindwurms (Lair:8)
  4 black mambas
  2 griffons (Lair:7)
  6 elephants
  5 torpor snails (Lair:8)
  19 spiny frogs
  The ghost of Skaffen the Destroyer, a novice TeFE (D:5)
  A troll (Orc:1)
  The ghost of radek the Infuser, a novice DECj of Vehumet (D:4)
  6 komodo dragons
  2 giant leeches (Lair:8)
  2 two-headed ogres (D:9)
  21 blink frogs
  5 basilisks
  2 wyverns
  64 yaks
  3 wraiths (Lair:7)
  2 wargs
  3 steam dragons (Lair:8)
  12 hippogriffs
  The ghost of fredomojojo the Vexing, an amateur FoAM (Sewer)
  Menkaure (D:7)
  11 wolves
  3 vampire mosquitoes (Lair:5)
  Edmund (D:5)
  3 nagas
  A mottled dragon (Lair:8)
  28 orc warriors
  A slave (D:5)
  5 swamp drakes
  15 water moccasins
  An ice beast (D:7)
  2 phantoms
  2 sky beasts
  11 porcupines
  3 wasps (Lair:8)
  2 black bears
  2 necrophages
  24 crocodiles
  4 big kobolds
  8 ogres
  7 centaurs
  5 brain worms (Lair:8)
  A wyvern zombie (D:6)
  15 giant frogs
  20 killer bees
  4 scorpions
  5 wights (D:8)
  2 hounds
  20 orc priests
  Crazy Yiuf (D:2)
  Ijyb (D:3)
  2 centaur skeletons
  16 iguanas
  Terence (D:2)
  15 sheep
  2 worker ants
  31 orc wizards
  5 big kobold zombies (Ossuary)
  A mummy (Ossuary)
  2 worker ant zombies
  12 adders
  7 gnolls
  57 river rats
  12 white imps (Lair:1)
  A shadow imp (D:7)
  2 oozes (Sewer)
  22 worms
  4 giant geckos
  139 orcs
  7 spectral bats (Ossuary)
  3 ball pythons
  11 bats
  6 giant cockroaches
  7 gnoll zombies (Ossuary)
  10 goblins
  5 hobgoblins
  13 kobolds
  3 quokkas
  A bat simulacrum (Ossuary)
  4 giant newts
  4 goblin simulacra (Ossuary)
  7 goblin zombies (Ossuary)
  3 hobgoblin zombies (Ossuary)
  10 jackals
  A jackal zombie (D:5)
  3 kobold zombies (Ossuary)
  5 orc zombies (Ossuary)
  A quokka zombie (D:5)
  11 rats
  A rat simulacrum (Ossuary)
  4 spectral kobolds (Ossuary)
  4 spectral rats (Ossuary)
  2 plants
845 creatures vanquished.

Vanquished Creatures (collateral kills)
  Snorg (Lair:3)
  Josephine (Lair:7)
  5 hydras
  A torpor snail (Lair:3)
  A fire drake (Lair:6)
  A queen bee (Lair:3)
  A wraith (Lair:7)
  A yak (Lair:3)
  2 water moccasins
  12 killer bees (Lair:3)
26 creatures vanquished.

Vanquished Creatures (others)
  8 fungi
  5 plants (Lair:8)
13 creatures vanquished.

Grand Total: 884 creatures vanquished

Notes
Turn   | Place    | Note
--------------------------------------------------------------
     0 | D:1      | septik the Minotaur Berserker began the quest for the Orb.
     0 | D:1      | Reached XP level 1. HP: 19/19 MP: 0/0
    25 | D:1      | Reached skill level 4 in Maces & Flails
   291 | D:1      | Reached XP level 2. HP: 24/26 MP: 1/1
   841 | D:1      | Reached skill level 5 in Maces & Flails
   960 | D:2      | Reached ** piety under Trog
   961 | D:2      | Reached XP level 3. HP: 26/31 MP: 2/2
  1006 | D:2      | Noticed Terence
  1024 | D:2      | Killed Terence
  1145 | D:2      | Noticed Crazy Yiuf
  1155 | D:2      | Killed Crazy Yiuf
  1155 | D:2      | Reached skill level 6 in Maces & Flails
  1155 | D:2      | Reached XP level 4. HP: 13/39 MP: 3/3
  1663 | D:3      | Found a glowing drain.
  1671 | Sewer    | Entered a sewer
  1690 | Sewer    | Reached XP level 5. HP: 19/45 MP: 4/4
  1884 | Sewer    | Reached skill level 7 in Maces & Flails
  1898 | Sewer    | Noticed fredomojojo's ghost (amateur FoAM)
  1900 | Sewer    | Reached *** piety under Trog
  1904 | Sewer    | Noticed a big kobold
  1916 | Sewer    | Killed fredomojojo's ghost
  1916 | Sewer    | Reached skill level 8 in Maces & Flails
  1916 | Sewer    | Reached XP level 6. HP: 51/51 MP: 5/5
  1920 | Sewer    | Killed a big kobold
  2087 | Sewer    | Noticed a big kobold
  2088 | Sewer    | Noticed a big kobold
  2093 | Sewer    | Killed a big kobold
  2093 | Sewer    | Reached skill level 9 in Maces & Flails
  2099 | Sewer    | Killed a big kobold
  2099 | Sewer    | Reached XP level 7. HP: 38/57 MP: 6/6
  2249 | D:3      | Noticed Ijyb
  2264 | D:3      | Killed Ijyb
  2552 | D:4      | Reached skill level 10 in Maces & Flails
  2648 | D:4      | Found a staircase to the Ecumenical Temple.
  2764 | D:4      | Noticed radek's ghost (novice DECj)
  2807 | D:4      | Killed radek's ghost
  2807 | D:4      | Reached skill level 11 in Maces & Flails
  3082 | D:4      | Found an iron altar of Okawaru.
  3088 | D:4      | Found a glowing golden altar of the Shining One.
  3090 | D:4      | Found a burning altar of Makhleb.
  3090 | D:4      | Found a bloodstained altar of Trog.
  3090 | D:4      | Found a shattered altar of Ashenzari.
  3164 | D:5      | Entered Level 5 of the Dungeon
  3323 | D:5      | Noticed Edmund
  3327 | D:5      | Reached **** piety under Trog
  3359 | D:5      | Killed Edmund
  3359 | D:5      | Reached XP level 8. HP: 39/64 MP: 7/7
  3483 | D:5      | Noticed Skaffen's ghost (novice TeFE)
  3508 | D:5      | Killed Skaffen's ghost
  3508 | D:5      | Reached skill level 12 in Maces & Flails
  3663 | D:5      | Noticed Pikel
  3678 | D:5      | Killed Pikel
  3678 | D:5      | Reached skill level 13 in Maces & Flails
  3871 | D:6      | Found a sand-covered staircase.
  3882 | Ossuary  | Entered an ossuary
  3976 | Ossuary  | Reached XP level 9. HP: 70/70 MP: 8/8
  4177 | Ossuary  | Reached skill level 14 in Maces & Flails
  4698 | D:6      | Found a stormy altar of Qazlal.
  5027 | D:7      | Noticed Menkaure
  5033 | D:7      | Killed Menkaure
  5625 | D:7      | Reached skill level 15 in Maces & Flails
  5922 | D:7      | Reached ***** piety under Trog
  6170 | D:7      | Reached skill level 16 in Maces & Flails
  6352 | D:8      | Found a shadowy altar of Dithmenos.
  6372 | D:8      | Found a staircase to the Lair.
  6411 | D:8      | Received a gift from Trog
  6493 | D:8      | Reached XP level 10. HP: 73/78 MP: 3/9
  7046 | D:8      | Found Poaliem's General Store.
  7162 | D:8      | Reached skill level 1 in Crossbows
  7191 | Lair:1   | Entered Level 1 of the Lair of Beasts
  7407 | Lair:1   | Reached skill level 5 in Fighting
  8109 | Lair:1   | Reached skill level 5 in Armour
  8131 | Lair:1   | Reached skill level 5 in Dodging
  8859 | Lair:2   | Reached XP level 11. HP: 75/92 MP: 3/10
  9136 | Lair:2   | Noticed a five-headed hydra
  9140 | Lair:2   | Killed a five-headed hydra
  9981 | Lair:3   | Found a runed door.
 10947 | Lair:3   | Noticed Snorg
 10951 | Lair:3   | Reached XP level 12. HP: 106/106 MP: 11/11
 10973 | Lair:3   | Killed Snorg
 10973 | Lair:3   | Reached skill level 10 in Fighting
 11380 | Lair:3   | Noticed an eight-headed hydra
 11395 | Lair:3   | Killed a nine-headed hydra
 11460 | Lair:4   | Received a gift from Trog
 11721 | Lair:4   | Reached skill level 10 in Armour
 11819 | Lair:4   | Noticed Maud
 11841 | Lair:4   | Killed Maud
 12069 | Lair:4   | Received a gift from Trog
 12154 | Lair:4   | Got a pair of dazzling gloves
 12165 | Lair:4   | Identified the cursed -5 pair of gloves of the Sun {rElec rF+ Stlth+} (You found it on level 4 of the Lair of Beasts)
 12241 | Lair:4   | Noticed a five-headed hydra
 12251 | Lair:4   | Killed a five-headed hydra
 12252 | Lair:4   | Reached skill level 10 in Dodging
 13354 | Lair:5   | Received a gift from Trog
 14050 | Lair:5   | Found a staircase to the Swamp.
 14497 | Lair:6   | Noticed a five-headed hydra
 14497 | Lair:6   | Noticed a catoblepas
 14501 | Lair:6   | Noticed a naga warrior
 14651 | Lair:6   | Reached XP level 13. HP: 117/117 MP: 12/12
 14729 | Lair:6   | Killed a catoblepas
 14729 | Lair:6   | Reached skill level 1 in Shields
 14836 | Lair:6   | Killed a six-headed hydra
 14909 | Lair:6   | Noticed an eight-headed hydra
 14916 | Lair:6   | Killed an eight-headed hydra
 14980 | Lair:6   | Killed a naga warrior
 15001 | Lair:6   | Found a staircase to the Snake Pit.
 15166 | Lair:6   | Noticed a seven-headed hydra
 15175 | Lair:6   | Killed a seven-headed hydra
 16180 | Lair:7   | Gained mutation: Your natural rate of healing is unusually fast. [potion of beneficial mutation]
 16458 | Lair:7   | Reached ****** piety under Trog
 16469 | Lair:7   | Reached skill level 5 in Shields
 16474 | Lair:7   | Noticed Josephine
 16483 | Lair:7   | Killed Josephine
 16748 | Lair:7   | Received a gift from Trog
 17104 | Lair:8   | Entered Level 8 of the Lair of Beasts
 17669 | Lair:8   | Found a viscous altar of Jiyva.
 17670 | Lair:8   | Found a staircase to the Slime Pits.
 17758 | Lair:8   | Reached XP level 14. HP: 117/129 MP: 13/13
 18153 | Lair:8   | Got a faintly glowing scale mail
 18164 | Lair:8   | Identified the +5 scale mail of Plasticity {rC+ Stlth+} (You found it on level 8 of the Lair of Beasts)
 18316 | Lair:8   | Found a runed door.
 18483 | Lair:8   | Received a gift from Trog
 18565 | Lair:8   | Lost intelligence.
 18761 | Lair:8   | Received a gift from Trog
 18800 | Lair:8   | Got a steaming bardiche {god gift}
 19905 | D:9      | Received a gift from Trog
 19927 | D:9      | Found a staircase to the Orcish Mines.
 20648 | Orc:1    | Entered Level 1 of the Orcish Mines
 20695 | Orc:1    | Received a gift from Trog
 21044 | Orc:2    | Found Mieroef's Antique Armour Shop.
 21075 | Orc:2    | Received a gift from Trog
 21140 | Orc:2    | Bought a pair of translucent boots for 190 gold pieces
 21156 | Orc:2    | Identified the cursed +0 pair of boots "Itwehoow" {rF+++ rC++ Str-3} (You bought it in a shop on level 2 of the Orcish Mines)
 21847 | Orc:1    | Received a gift from Trog
 22120 | Orc:3    | Found Jairiw's Gadget Shop.
 22284 | Orc:4    | Entered Level 4 of the Orcish Mines
 22448 | Orc:3    | Found a roughly hewn altar of Beogh.
 22478 | Orc:3    | Found a roughly hewn altar of Beogh.
 22514 | Orc:3    | Found a staircase to the Elven Halls.
 22659 | Orc:3    | Received a gift from Trog
 23336 | Orc:4    | HP: 6/133 [orc knight/glaive (24)]
 23338 | Orc:4    | Slain by an orc knight

Vault maps used:
D:1:      elethiomel_arrival_quiet
D:2:      first_bread, uniq_crazy_yiuf_cottage, uniq_terence
D:3:      gup_sewer_entry_bowl, uniq_iyjb
D:4:      minitemple, minmay_temple_entry_junction2
D:5:      uniq_edmund, uniq_pikel
D:6:      nicolae_qazlal_style_of_elements, enter_ossuary_1
D:7:      uniq_menkaure
D:8:      lemuel_doored_altar, lair_0_dummy, serial_shops,
          nicolae_shop_behind_doors
D:9:      erik_orc_1
Lair:1:   portal_ice_cave_entry_imps
Lair:2:   minmay_holes, grunt_megastairs_3, infiniplex_staircase_pool
Lair:3:   pf_torpor_hydra, infiniplex_staircase_pool_2, uniq_snorg
Lair:4:   bh_autumn_forest_stairs, uniq_maud
Lair:5:   minmay_swamp_entry_swarm
Lair:6:   minmay_snake_entry_guardpost_large, grunt_forest_small_clearings,
          minmay_lindwurm_lava
Lair:7:   minivault_25, st_stairs_4, serial_bayou_shore_a, uniq_josephine
Lair:8:   guppyfry_lair_end_dragon, wormcave, dpeg_slime_entry_enclosed_altar,
          st_stairs_8
Orc:2:    serial_shops, shop
Orc:3:    basic_altar, serial_shops, shop, nicolae_orc_pool_cavern,
          lemuel_statue_altar
Orc:4:    st_orc_rangers, hangedman_minor_magic
Sewer:    sewer_co_15_rooms
Ossuary:  ossuary_zaba_two_paths

Action                   |  1- 3 |  4- 6 |  7- 9 | 10-12 | 13-15 || total
-------------------------+-------+-------+-------+-------+-------++-------
Melee: Mace              |    72 |       |    67 |       |       ||   139
       Quarterstaff      |       |   154 |    51 |       |       ||   205
       Flail             |       |       |   302 |   339 |   859 ||  1500
       Great mace        |       |       |     9 |   355 |       ||   364
       Dire flail        |       |       |       |       |    52 ||    52
       Whip              |       |       |       |       |   303 ||   303
 Fire: Shortbow          |       |       |    16 |       |       ||    16
       Arbalest          |       |       |       |     7 |       ||     7
       Hand crossbow     |       |       |       |     4 |    55 ||    59
Throw: Stone             |    28 |       |     2 |       |       ||    30
Invok: Berserk           |       |     1 |     2 |     8 |     9 ||    20
       Burn Spellbooks   |       |       |     2 |     1 |     5 ||     8
       Brothers in Arms  |       |       |       |     5 |     5 ||    10
       Trog's Hand       |       |       |       |     1 |     1 ||     2
Evoke: Deck              |       |       |       |       |     2 ||     2
  Use: Scroll            |       |     6 |     5 |    14 |     9 ||    34
       Potion            |       |       |       |     1 |     8 ||     9
 Stab: Paralysed         |       |       |     1 |       |       ||     1
       Distracted        |       |       |       |       |     2 ||     2
       Confused          |       |       |       |       |     1 ||     1
  Eat: Chunk             |     1 |     4 |    12 |    36 |    39 ||    92
       Bread ration      |       |       |     1 |       |     1 ||     2
       Meat ration       |       |       |       |       |     1 ||     1
